 Dungeon Crawl Stone Soup version 0.21-a0-142-gdd972a7 (webtiles) character file.

245 Musica the Chiller (level 5, -4/28 HPs)
             Began as a Deep Elf Ice Elementalist on July 24, 2017.
             Was a Follower of Vehumet.
             Slain by Dowan
             ... wielding a +5 dagger of electrocution
              (19 damage)
             ... on level 4 of the Dungeon.
             The game lasted 00:19:59 (4084 turns).

Musica the Chiller (Deep Elf Ice Elementalist)      Turns: 4084, Time: 00:20:00

Health: -4/28      AC:  3    Str:  5    XL:     5   Next: 84%
Magic:  6/14       EV: 13    Int: 23    God:    Vehumet [*.....]
Gold:   135        SH:  0    Dex: 15    Spells: 2/13 levels left

rFire    . . .     SeeInvis .   g - +0 short sword
rCold    . . .     Gourm    .   (no shield)
rNeg     . . .     Faith    .   a - +0 robe
rPois    .         Spirit   .   (helmet restricted)
rElec    .         Reflect  .   (no cloak)
rCorr    .         Harm     .   (no gloves)
MR       .....                  (no boots)
Stlth    ++........             (no amulet)
HPRegen  0.09/turn              (no ring)
MPRegen  0.14/turn              (no ring)

@: very slightly contaminated
A: hooves 1, horns 1, rugged brown scales 1, clever 1
a: Renounce Religion


You were on level 4 of the Dungeon.
You worshipped Vehumet.
Vehumet was aware of your devotion.
You were not hungry.

You visited 1 branch of the dungeon, and saw 4 of its levels.

You collected 135 gold pieces.

Inventory:

Hand Weapons
 g - a +0 short sword (weapon)
 l - a +2 dagger of pain
 s - a +0 hunting sling
Missiles
 e - 159 stones (quivered)
 i - 20 sling bullets
 j - 50 arrows
 n - 5 tomahawks
 p - 8 needles of confusion
Armour
 a - a +0 robe (worn)
Scrolls
 f - a scroll of enchant weapon {unknown}
 h - a scroll of teleportation
 k - 3 scrolls of remove curse
 r - 2 scrolls of magic mapping
Potions
 d - 3 potions of curing
 o - a potion of might
Books
 b - a book of Frost

   Spells                             Type                      Level
   a - Freeze                         Ice                          1
   b - Throw Frost                    Conjuration/Ice              2
   c - Ozocubu's Armour               Charms/Ice                   3
   d - Throw Icicle                   Conjuration/Ice              4
   e - Summon Ice Beast               Ice/Summoning                4
Comestibles
 c - 4 bread rations
 m - 4 chunks of flesh
 q - 2 meat rations


   Skills:
 + Level 0.4 Short Blades
 - Level 2.4 Dodging
 - Level 2.4 Stealth
 + Level 4.9 Spellcasting
 * Level 2.5 Conjurations
 + Level 3.0 Charms
 + Level 5.2 Ice Magic
 * Level 0.2 Earth Magic


You had 2 spell levels left.
You knew the following spells:

 Your Spells              Type           Power        Failure   Level  Hunger
a - Freeze                Ice            ####         1%          1    None
b - Throw Frost           Conj/Ice       ###...       2%          2    None
c - Ozocubu's Armour      Chrm/Ice       ###.....     5%          3    ##.....
d - Throw Icicle          Conj/Ice       ###.....     19%         4    ####...
e - Sandblast             Erth           #.....       9%          1    None


Dungeon Overview and Level Annotations

Branches:
Dungeon (4/15)
 Temple: D:4-7

Altars:
Kikubaaqudgha
Vehumet
The Shining One

Annotations:
D:3 Grinder; walar's ghost, amateur DDMo
D:4 Dowan; Duvessa


Innate Abilities, Weirdness & Mutations

You have large cloven feet.
You have a pair of small horns on your head.
You are partially covered in rugged brown scales. (AC +1, +3% HP)
Your mind is acute. (Int +2)


Message History

Aiming: Throw Icicle
Press: ? - help, Shift-Dir - straight line, f - Duvessa
Aim: Duvessa, wielding a short sword and wearing a ring mail The shard of ice hits Duvessa.
Duvessa is moderately wounded.
Duvessa barely misses you.
A leopard gecko comes into view.
Casting: Throw Icicle
Confirm with . or Enter, or press ? or * to list all spells.
Aiming: Throw Icicle
Press: ? - help, Shift-Dir - straight line, f/p - Duvessa
Aim: Duvessa, wielding a short sword and wearing a ring mail (moderately wounded)
You miscast Throw Icicle.
You are very lightly contaminated with residual magic.
Wisps of condensation drift from your hands.
Duvessa hits you with a short sword.
Dowan hits you with a dagger of electrocution.
You are electrocuted!
Ouch! That really hurt!
You die...

.. ..
.".........##.
## ........
.#..
............
l....#[....
##..!.......
...........
.....
#.#..e......
.#....
#...@e.#
....#.
###..#......
......# ..[..
..... .......
.....##. ....
.......
......[ S. ...
.......
....... .. ..
.......
....... ... .
.......
...##.. ...
.......
.......


You could see Duvessa, Dowan, an adder and a leopard gecko.

Vanquished Creatures
  2 orc wizards (D:3)
  6 adders
  3 gnolls
  An ooze (D:1)
  3 worms
  3 dart slugs
  A leopard gecko (D:2)
  5 orcs (D:3)
  7 giant cockroaches
  14 goblins
  5 hobgoblins
  10 jackals
  2 quokkas
  11 bats
  2 frilled lizards
  3 kobolds
  8 rats
86 creatures vanquished.

Notes
Turn   | Place    | Note
-------+----------+-------------------------------------------
     0 | D:1      | Musica the Deep Elf Ice Elementalist began the quest for the Orb.
     0 | D:1      | Reached XP level 1. HP: 10/10 MP: 6/6
   157 | D:1      | Reached XP level 2. HP: 11/15 MP: 2/8
   161 | D:1      | Learned a level 2 spell: Throw Frost
   295 | D:1      | Reached skill level 4 in Ice Magic
   777 | D:2      | Found a faded altar of an unknown god.
   786 | D:2      | Reached XP level 3. HP: 16/19 MP: 1/9
   896 | D:2      | Learned a level 3 spell: Ozocubu's Armour
  1113 | D:2      | Reached XP level 4. HP: 18/24 MP: 6/11
  1415 | D:2      | Reached skill level 1 in Charms
  1560 | D:2      | Gained mutation: You possess an exceptional clarity of mind. [potion of mutation]
  1560 | D:2      | Gained mutation: You have large cloven feet. [potion of mutation]
  1560 | D:2      | Gained mutation: You evolve. [potion of mutation]
  1614 | D:2      | Found a radiant altar of Vehumet.
  1614 | D:2      | Found a faded altar of an unknown god.
  1624 | D:2      | Reached skill level 5 in Ice Magic
  1633 | D:2      | Found an ancient bone altar of Kikubaaqudgha.
  1637 | D:2      | Became a worshipper of Vehumet
  1702 | D:2      | Found a glowing golden altar of the Shining One.
  1704 | D:2      | Found a faded altar of an unknown god.
  1796 | D:2      | Lost mutation: You evolve. [potion of mutation]
  1796 | D:2      | Lost mutation: You possess an exceptional clarity of mind. [potion of mutation]
  1796 | D:2      | Gained mutation: You have a pair of small horns on your head. [potion of mutation]
  1796 | D:2      | Gained mutation: You are partially covered in rugged brown scales. (AC +1, +3% HP) [potion of mutation]
  1796 | D:2      | Gained mutation: Your mind is acute. (Int +2) [potion of mutation]
  2029 | D:2      | Reached XP level 5. HP: 28/28 MP: 10/13
  2035 | D:2      | Learned a level 4 spell: Throw Icicle
  2190 | D:3      | Noticed walar's ghost (amateur DDMo)
  2342 | D:4      | Noticed Duvessa
  2725 | D:3      | HP: 1/28 [walar's ghost (9)]
  3619 | D:3      | Reached * piety under Vehumet
  3619 | D:3      | Offered knowledge of Sandblast by Vehumet.
  3644 | D:3      | Learned a level 1 spell: Sandblast
  4027 | D:3      | Noticed Grinder
  4083 | D:4      | Noticed Dowan
  4084 | D:4      | Slain by Dowan

Vault maps used:
D:1:      kennysheep_arrival_forest
D:2:      chequers_temple_overflow_minitemple,
          chequers_ecumenical_altar_simple_redux, minmay_pentomino_o4
D:3:      first_bread, uniq_grinder
D:4:      st_stairs_1, uniq_duvessa, uniq_robin

Skill      XL: |  1  2  3  4  5 |
---------------+----------------+-----
Ice Magic      | 4 5 |  5.2
Conjurations   | 2 |  2.5
Charms         | 2 3 |  3.0
Spellcasting   | 4 |  4.9
Short Blades   | |  0.4
Dodging        | |  2.4
Stealth        | |  2.4
Earth Magic    | |  0.2

Action                   |  1- 3 |  4- 6 || total
-------------------------+-------+-------++-------
Melee: Unarmed           |     2 |       ||     2
       Short sword       |     9 |    26 ||    35
       Kick              |       |     9 ||     9
       Headbutt          |       |     2 ||     2
 Cast: Freeze            |    30 |    33 ||    63
       Throw Frost       |    17 |    42 ||    59
       Ozocubu's Armour  |       |     3 ||     3
       Sandblast         |       |    13 ||    13
       Throw Icicle      |       |     8 ||     8
  Use: Scroll            |     3 |     3 ||     6
       Potion            |     1 |     6 ||     7
 Stab: Sleeping          |     1 |     1 ||     2
  Eat: Chunk             |     1 |     8 ||     9
       Fruit             |       |     2 ||     2
       Royal jelly       |       |     1 ||     1
Armor: Robe              |     6 |    16 ||    22
Dodge: Dodged            |    29 |    55 ||    84
